 Dungeon Crawl Stone Soup version 0.20.1-1-g8b1a95d66d (webtiles) character file.

11100 Jynx the Frost Mage (level 11, 0/73 (74) HPs)
             Began as a Pale Draconian Ice Elementalist on Dec 19, 2017.
             Was an Elder of Vehumet.
             Slain by Snorg (15 damage)
             ... on level 10 of the Dungeon.
             The game lasted 00:24:19 (13587 turns).

Jynx the Frost Mage (DrIE)                         Turns: 13587, Time: 00:24:20

HP:   0/73 (74)     AC: 17    Str: 10    XL:     11   Next: 44%
MP:   16/23         EV: 12    Int: 20    God:    Vehumet [****..]
Gold: 631           SH:  0    Dex: 11    Spells: 17/27 levels left

rFire    . . .     SeeInvis +   p - +4 quarterstaff (chaos)
rCold    . . .     Gourm    .   (shield currently unavailable)
rNeg     . . .     Faith    .   (armour unavailable)
rPois    .         Spirit   .   (helmet restricted)
rElec    .         Reflect  .   q - +0 cloak
rCorr    .         Harm     .   (no gloves)
MR       .....                  B - +1 pair of boots
Stlth    +++.......             (no amulet)
Regen    0.3/turn               x - ring of stealth
MPRegen  0.2/turn               s - ring of see invisible

@: icy armour, slow
A: breathe steam, unfitting armour, cold-blooded, AC +7
a: Breathe Steam, Renounce Religion


You were on level 10 of the Dungeon.
You worshipped Vehumet.
Vehumet was greatly pleased with you.
You were not hungry.

You visited 1 branch of the dungeon, and saw 10 of its levels.
You also visited: Bailey.

You collected 631 gold pieces.

Inventory:

Hand Weapons
 p - a +4 quarterstaff of chaos (weapon)
Armour
 q - a +0 cloak (worn)
 B - a +1 pair of boots (worn)
Jewellery
 s - a ring of see invisible (right hand)
 x - a ring of stealth (left hand)
Wands
 l - a wand of digging (10/24)
 m - a wand of confusion (20/48)
 w - a wand of disintegration (11/24)
 E - a wand of confusion (7/48)
 K - a wand of lightning (4/15)
 L - a wand of enslavement (6/24)
 O - a wand of flame (23/48)
 P - a wand of iceblast (6/15)
Scrolls
 c - a scroll of magic mapping {unknown}
 d - 2 scrolls of immolation
 e - 3 scrolls of teleportation
 k - a scroll of noise {unknown}
 n - 2 scrolls of fog {unknown}
 t - 4 scrolls of recharging {unknown}
 u - a scroll of fear {unknown}
 v - a scroll of enchant weapon {unknown}
 y - 5 scrolls of remove curse
 G - 2 scrolls of blinking {unknown}
 H - 2 scrolls of acquirement {unknown}
Potions
 f - 3 potions of berserk rage
 g - 3 potions of heal wounds
 h - 2 potions of lignification
 i - a potion of haste {unknown}
 j - 4 potions of curing {unknown}
 o - 2 potions of ambrosia {unknown}
 r - a potion of invisibility {unknown}
 z - 2 potions of agility {unknown}
 A - a potion of magic {unknown}
 D - 2 potions of brilliance {unknown}
 F - 2 potions of degeneration {unknown}
 J - a potion of resistance {unknown}
 R - a potion of cancellation {unknown}
 S - 2 potions of mutation {unknown}
Books
 a - a book of Frost

   Spells                             Type                      Level
   a - Freeze                         Ice                          1
   b - Throw Frost                    Conjuration/Ice              2
   c - Ozocubu's Armour               Charms/Ice                   3
   d - Throw Icicle                   Conjuration/Ice              4
   e - Summon Ice Beast               Ice/Summoning                4
 I - a book of Debilitation

   Spells                             Type                      Level
   a - Corona                         Hexes                        1
   b - Slow                           Hexes                        2
   c - Inner Flame                    Hexes/Fire                   3
   d - Portal Projectile              Hexes/Translocation          3
   e - Cause Fear                     Hexes                        4
   f - Leda's Liquefaction            Hexes/Earth                  4
Comestibles
 b - 9 bread rations
 C - 6 royal jellies
 M - a meat ration
 N - 4 fruits
 Q - 3 chunks of flesh


   Skills:
 + Level 8.7 Staves
 - Level 1.7 Dodging
 - Level 1.7 Stealth
 + Level 8.8 Spellcasting
   Level 1.0 Conjurations
 + Level 1.4 Hexes
 * Level 12.9 Ice Magic


You had 17 spell levels left.
You knew the following spells:

 Your Spells              Type           Power        Failure   Level  Hunger
a - Freeze                Ice            ####         1%          1    None
b - Ozocubu's Armour      Chrm/Ice       ####....     1%          3    None
c - Slow                  Hex            ##......     7%          2    None
d - Summon Ice Beast      Ice/Summ       ####....     5%          4    ###....


Dungeon Overview and Level Annotations

Branches:
Dungeon (10/15)            Temple (0/1) D:5             Orc (0/2) D:10
   Lair: D:8-11

Altars:
Fedhas
Okawaru
Trog
Vehumet

Shops:
D:10 ?

Annotations:
D:7 exclusion: oklob plant
D:10 Snorg


Innate Abilities, Weirdness & Mutations

You can breathe blasts of scalding, opaque steam.
Your pale cyan-grey scales are hard. (AC +7)
You cannot fit into any form of body armour.
You are cold-blooded and may be slowed by cold attacks.


Message History

Casting: Freeze
Confirm with . or Enter, or press ? or * to list all spells.
Aiming: Freeze
Press: ? - help, Shift-Dir - straight line, f/p - Snorg
Aim: Snorg (severely wounded, fast+slow)
You freeze Snorg.
Snorg is severely wounded.
Snorg closely misses you. Snorg barely misses you.
Snorg claws you but does no damage.
Casting: Freeze
Confirm with . or Enter, or press ? or * to list all spells.
Aiming: Freeze
Press: ? - help, Shift-Dir - straight line, f/p - Snorg
Aim: Snorg (severely wounded, fast+slow)
You freeze Snorg.
Snorg is severely wounded.
Snorg bites you!
* * * LOW HITPOINT WARNING * * *
Snorg claws you!
You die...

####### .........'...# ..... #8.T
.........#...# ..... #.oo
.........#...# ..... #g.O
############...#### ..... #oK.
#..................# ..... 8..
#..................#.......
###'###..................#.......
....))(...)(.............#.......
#######..(.....T@....#####.......
#......###''####....#...........
........#.......#....#.......####
##......#.......#....#.......#...
#.......#.......#....#.......#...
#.......+.......#....#+##....'...
#.......#.......#.......#....#...
#.......#.......#.......#....####
#....>..#.......#.......#........


You could see Snorg.

Vanquished Creatures
  Erolcha (D:10)
  Pikel (D:3)
  The ghost of Minion the Charmwright, a novice HuSk of Ru (D:5)
  A gargoyle (D:9)
  The ghost of Popi the Slasher, a novice HuFi (D:4)
  A troll (D:10)
  3 hippogriffs
  3 wraiths
  6 yaks
  5 hogs
  A human (D:7)
  A hungry ghost (D:8)
  Menkaure (D:4)
  8 orc warriors
  2 sky beasts (D:9)
  A black bear (D:9)
  2 hornet zombies
  3 ice beasts
  A sky beast (shapeshifter) (D:3)
  2 necrophages
  3 ogres
  A phantom (D:10)
  3 centaurs
  4 big kobolds
  4 bullfrogs
  A gnoll sergeant (D:10)
  A scorpion (D:5)
  A wyvern skeleton (D:6)
  2 howler monkeys
  4 crimson imps
  A bullfrog skeleton (D:10)
  2 bullfrog zombies
  4 centaur skeletons
  8 hounds
  2 quasits
  Crazy Yiuf (D:2)
  11 orc priests
  A jelly (D:8)
  10 orc wizards
  Jessica (D:2)
  7 iguanas
  4 worker ants
  3 hound skeletons
  2 worker ant zombies (D:5)
  A howler monkey skeleton (D:5)
  11 adders
  9 gnolls
  5 shadow imps
  An ooze (D:3)
  2 worms
  4 dart slugs
  4 leopard geckos
  40 orcs
  10 bats
  9 giant cockroaches
  9 goblins
  4 hobgoblins
  4 jackals
  3 quokkas
  3 ball pythons
  4 frilled lizards
  8 kobolds
  7 rats
264 creatures vanquished.

Vanquished Creatures (collateral kills)
  Josephine (D:10)
  2 wraiths (D:10)
  An iguana (D:10)
4 creatures vanquished.

Vanquished Creatures (others)
  2 slaves (D:4)
  A bullfrog skeleton (D:4)
  A hound (D:4)
  A worker ant (D:4)
  An adder (D:4)
  A jackal (D:4)
  16 toadstools (D:7)
23 creatures vanquished.

Grand Total: 291 creatures vanquished

Notes
Turn   | Place    | Note
-------+----------+-------------------------------------------
     0 | D:1      | Jynx the Draconian Ice Elementalist began the quest for the Orb.
     0 | D:1      | Reached XP level 1. HP: 14/14 MP: 3/3
   144 | D:1      | Reached XP level 2. HP: 9/20 MP: 3/5
  1060 | D:2      | Noticed Jessica
  1078 | D:1      | Reached XP level 3. HP: 8/26 MP: 0/7
  1329 | D:2      | Killed Jessica
  1329 | D:2      | Reached skill level 4 in Ice Magic
  1476 | D:2      | Reached XP level 4. HP: 24/33 MP: 2/8
  1621 | D:2      | Found a radiant altar of Vehumet.
  1716 | D:2      | Became a worshipper of Vehumet
  2334 | D:2      | Found a runed door.
  2341 | D:2      | Learned a level 3 spell: Ozocubu's Armour
  2343 | D:2      | Noticed Crazy Yiuf
  2351 | D:2      | Killed Crazy Yiuf
  2528 | D:3      | Reached XP level 5. HP: 31/38 MP: 9/9
  2578 | D:3      | Found a faded altar of an unknown god.
  2689 | D:3      | You fall through a shaft!
  2689 | D:4      | Found a blossoming altar of Fedhas.
  2689 | D:4      | Found a bloodstained altar of Trog.
  2689 | D:4      | Noticed a slave
  2690 | D:4      | Noticed Pikel
  2690 | D:4      | Noticed a slave
  2693 | D:4      | Noticed a slave
  2695 | D:4      | Noticed Popi's ghost (novice HuFi)
  2698 | D:3      | Reached skill level 5 in Ice Magic
  3239 | D:3      | Reached XP level 6. HP: 38/45 MP: 11/11
  3263 | D:3      | Reached * piety under Vehumet
  3263 | D:3      | Offered knowledge of Shock by Vehumet.
  3337 | D:3      | Reached skill level 6 in Ice Magic
  3688 | D:4      | Noticed a slave
  3896 | D:3      | Killed Pikel
  3896 | D:3      | Reached skill level 7 in Ice Magic
  3896 | D:3      | Your scales start taking on a pale cyan-grey colour.
  3896 | D:3      | Reached XP level 7. HP: 47/50 MP: 3/14
  4001 | D:3      | Reached skill level 5 in Spellcasting
  4136 | D:4      | Killed Popi's ghost
  4136 | D:4      | Reached XP level 8. HP: 34/57 MP: 15/15
  4149 | D:4      | Noticed Menkaure
  4499 | D:4      | Reached skill level 8 in Ice Magic
  4704 | D:4      | Found an iron altar of Okawaru.
  4776 | D:4      | Killed Menkaure
  5171 | D:5      | Entered Level 5 of the Dungeon
  5286 | D:5      | Offered knowledge of Magic Dart by Vehumet.
  5393 | D:5      | Found a staircase to the Ecumenical Temple.
  5432 | D:5      | Noticed Minion's ghost (novice HuSk)
  5442 | D:5      | Killed Minion's ghost
  5442 | D:5      | Reached ** piety under Vehumet
  5442 | D:5      | Reached skill level 9 in Ice Magic
  5442 | D:5      | Reached XP level 9. HP: 56/62 MP: 6/18
  5636 | D:5      | Reached skill level 5 in Staves
  6593 | D:6      | Offered knowledge of Inner Flame by Vehumet.
  6601 | D:6      | Reached skill level 10 in Ice Magic
  7293 | D:7      | Found a flagged portal.
  7305 | Bailey   | Entered a bailey
  7370 | Bailey   | Noticed an orc knight
  7630 | D:7      | Reached *** piety under Vehumet
  7908 | D:7      | Found a blossoming altar of Fedhas.
  7922 | D:7      | Noticed an oklob plant
  8091 | D:7      | Reached XP level 10. HP: 59/69 MP: 6/20
  8400 | D:8      | Offered knowledge of Dazzling Spray by Vehumet.
  9411 | D:9      | Reached skill level 11 in Ice Magic
 10253 | D:9      | Noticed a gargoyle
 10294 | D:9      | Killed a gargoyle
 10590 | D:9      | Reached **** piety under Vehumet
 10904 | D:9      | Offered knowledge of Lightning Bolt by Vehumet.
 11358 | D:9      | Reached skill level 12 in Ice Magic
 11377 | D:10     | Entered Level 10 of the Dungeon
 11392 | D:10     | Noticed Erolcha
 11408 | D:10     | Killed Erolcha
 11549 | D:10     | Reached XP level 11. HP: 68/73 MP: 23/23
 12027 | D:10     | Found a staircase to the Orcish Mines.
 13001 | D:10     | Noticed Snorg
 13002 | D:10     | Noticed Josephine
 13098 | D:9      | Learned a level 2 spell: Slow
 13103 | D:9      | Learned a level 4 spell: Summon Ice Beast
 13196 | D:10     | Killed Josephine
 13196 | D:10     | Reached skill level 1 in Hexes
 13405 | D:10     | Found Ratainuc's Magic Scroll Shop.
 13587 | D:10     | Slain by Snorg

Skill      XL: |  1  2  3  4  5  6  7  8  9 10 11 |
---------------+----------------------------------+-----
Spellcasting   | 3 4 5 6 7 8 |  8.8
Ice Magic      | 4 5 7 9 10 12 | 12.9
Staves         | 2 3 4 6 8 |  8.7
Hexes          | 1 |  1.4
Dodging        | |  1.7
Stealth        | |  1.7
Conjurations   | |  1.0

Action                   |  1- 3 |  4- 6 |  7- 9 | 10-12 || total
-------------------------+-------+-------+-------+-------++-------
Melee: Unarmed           |    35 |     3 |       |       ||    38
       Tailslap          |     4 |     2 |    25 |    41 ||    72
       Quarterstaff      |       |    74 |   233 |   383 ||   690
 Cast: Freeze            |    45 |    61 |    84 |   165 ||   355
       Ozocubu's Armour  |       |     4 |     8 |     7 ||    19
       Slow              |       |       |       |     3 ||     3
       Summon Ice Beast  |       |       |       |     2 ||     2
  Use: Scroll            |       |       |     5 |     5 ||    10
 Stab: Sleeping          |       |       |    10 |     5 ||    15
       Paralysed         |       |       |     1 |     5 ||     6
       Confused          |       |       |     1 |     1 ||     2
       Petrifying        |       |       |     1 |       ||     1
       Petrified         |       |       |       |     6 ||     6
       Distracted        |       |       |       |     1 ||     1
  Eat: Chunk             |     2 |     3 |     9 |    21 ||    35
       Meat ration       |       |     1 |       |       ||     1
       Bread ration      |       |       |     1 |       ||     1
Armor: Skin              |    23 |    51 |   155 |   193 ||   422
Dodge: Dodged            |    46 |    99 |   242 |   302 ||   689
